 Dungeon Crawl Stone Soup version 0.19-a0-1468-ge013c26 (webtiles) character file.

322 epen the Insei (level 6, -3/57 HPs)
             Began as a Tengu Monk on Sept 7, 2016.
             Killed by divine providence
             ... invoked by an orc priest
              (10 damage)
             ... on level 4 of the Dungeon.
             The game lasted 00:05:49 (3565 turns).

epen the Insei (Tengu Monk)                         Turns: 3565, Time: 00:05:50

Health: -3/57      AC:  4    Str: 17    XL:     6   Next: 47%
Magic:  8/9        EV: 15    Int: 10    God:
Gold:   115        SH:  0    Dex: 18    Spells: 2 memorised, 3 levels left

rFire  . . .     SeeInvis .       - Unarmed
rCold  . . .     Gourm    .     m - +2 robe {rN+}
rNeg   + . .     Faith    .     (no shield)
rPois  .         Spirit   .     (helmet restricted)
rElec  .         Dismiss  +     (no cloak)
rCorr  .         Reflect  .     (no gloves)
MR     .....     Harm     .     (boots unavailable)
Stlth  ..........               l - amulet of dismissal
                                (no ring)
                                (no ring)

@: berserking, very quick
A: beak, talons 3, able to fly 1
a: Fly


You were on level 4 of the Dungeon.
You were not hungry.

You visited 1 branch of the dungeon, and saw 4 of its levels.

You collected 115 gold pieces.

Inventory:

Armour
 a - a +0 robe
 m - a +2 robe of positive energy (worn)
Jewellery
 l - an amulet of dismissal (around neck)
Wands
 c - a wand of teleportation (7/9)
Scrolls
 d - a scroll of recharging
 g - a scroll of random uselessness
 q - a scroll of fear
Potions
 e - a potion of haste {unknown}
 h - a potion of berserk rage
 n - a potion of curing {unknown}
 p - a potion of brilliance {unknown}
 r - a potion of agility {unknown}
Books
 k - a book of Geomancy

   Spells                             Type                      Level
   a - Sandblast                      Earth                        1
   b - Passwall                       Transmutation/Earth          2
   c - Stone Arrow                    Conjuration/Earth            3
   d - Petrify                        Transmutation/Earth          4
   e - Lee's Rapid Deconstruction     Earth                        5
 o - a book of Clouds

   Spells                             Type                      Level
   a - Mephitic Cloud                 Conjuration/Poison/Air       3
   b - Conjure Flame                  Conjuration/Fire             3
   c - Poisonous Cloud                Conjuration/Poison/Air       6
   d - Freezing Cloud                 Conjuration/Ice/Air          6
   e - Ring of Flames                 Charms/Fire                  7
Comestibles
 b - 2 bread rations
 f - a meat ration
 i - 4 fruits
 j - a royal jelly
 s - a chunk of flesh


   Skills:
 + Level 3.8 Fighting
 + Level 4.1 Dodging
 - Level 2.0 Stealth
 * Level 5.2 Unarmed Combat
 * Level 1.5 Spellcasting
 + Level 2.2 Conjurations
 * Level 1.2 Transmutations
 + Level 2.0 Air Magic


You had 3 spell levels left.
You knew the following spells:

 Your Spells              Type           Power        Failure   Level  Hunger
a - Mephitic Cloud        Conj/Pois/Air  #.......     65%         3    ####...
b - Passwall              Tmut/Erth      #.........   38%         2    ###....


Dungeon Overview and Level Annotations

Branches:
Dungeon (4/15)
 Temple: D:4-7

Altars:
Nemelex Xobeh

Annotations:
D:4 Xiguana's ghost, amateur DsCK


Innate Abilities, Weirdness & Mutations

You have a beak for a mouth.
You have claws for feet.
You can fly.


Message History

You miss something. Your kick misses something. Something barely misses you.
You barely miss something. You peck something. Something hits you.
Something hits you but does no damage.
You barely miss something. You claw something. Something barely misses you.
You hit something.
Reactivating autopickup.
You feel a bit more experienced.
The orc priest calls down the wrath of Beogh upon you.
Beogh smites you!
* * * LOW HITPOINT WARNING * * *
You are too injured to fight recklessly!
You are too injured to fight recklessly!
It was a potion of berserk rage.
A red film seems to cover your vision as you go berserk!
You feel yourself moving faster!
You feel mighty! The orc closely misses you.
You punch the orc!
You kill the orc!
The orc priest invokes the aid of Beogh against you.
Beogh smites you!
You die...

#..#
#.######..#
..........#
.########.# #.#
#.# #[# #รท#
#####@####
#....o...#
#........#
#.....?..#
..............#
..............#
..............#
.o............#
....#.........#


You could see an orc priest.

Vanquished Creatures
  An ogre (D:4)
  A hound (D:3)
  An orc wizard (D:4)
  Jessica (D:2)
  2 gnolls
  6 adders
  A worm (D:2)
  A dart slug (D:1)
  4 giant geckos
  3 orcs
  6 giant cockroaches
  5 goblins
  8 hobgoblins
  6 jackals
  A quokka (D:3)
  7 bats
  2 giant newts
  6 kobolds
  8 rats
70 creatures vanquished.

Notes
Turn   | Place    | Note
-------+----------+-------------------------------------------
     0 | D:1      | epen the Tengu Monk began the quest for the Orb.
     0 | D:1      | Reached XP level 1. HP: 14/14 MP: 2/2
   140 | D:1      | Found a sparkling altar of Nemelex Xobeh.
   249 | D:1      | Reached XP level 2. HP: 19/19 MP: 3/3
   618 | D:1      | Reached XP level 3. HP: 20/23 MP: 4/4
   693 | D:1      | Reached skill level 4 in Unarmed Combat
  1097 | D:2      | Noticed Jessica
  1114 | D:2      | Killed Jessica
  1114 | D:2      | Reached XP level 4. HP: 28/28 MP: 5/5
  1252 | D:2      | Learned a level 3 spell: Mephitic Cloud
  2046 | D:3      | Reached skill level 1 in Conjurations
  2167 | D:3      | Reached skill level 1 in Air Magic
  2167 | D:3      | Gained mutation: You can fly. [Tengu growth]
  2167 | D:3      | Reached XP level 5. HP: 29/32 MP: 6/6
  2392 | D:3      | Reached skill level 5 in Unarmed Combat
  2818 | D:3      | Learned a level 2 spell: Passwall
  3253 | D:4      | Noticed Xiguana's ghost (amateur DsCK)
  3337 | D:4      | Noticed an ogre
  3348 | D:4      | Killed an ogre
  3348 | D:4      | Reached skill level 1 in Spellcasting
  3348 | D:4      | Reached XP level 6. HP: 30/38 MP: 8/8
  3452 | D:4      | Reached skill level 1 in Transmutations
  3565 | D:4      | Killed from afar by an orc priest

Vault maps used:
D:1:      dpeg_arrival_long_road, nemelex_altar_shiori
D:2:      uniq_jessica
D:3:      minmay_misc_feat_four_crosses, minmay_misc_feat_room
D:4:      lemuel_castle_with_subvaults

Skill      XL: |  1  2  3  4  5  6 |
---------------+-------------------+-----
Unarmed Combat | 4 5 |  5.2
Dodging        | 4 |  4.1
Conjurations   | 1 2 |  2.2
Air Magic      | 1 2 |  2.0
Spellcasting   | 1 |  1.5
Transmutations | 1 |  1.2
Fighting       | |  3.8
Stealth        | |  2.0

Action                   |  1- 3 |  4- 6 || total
-------------------------+-------+-------++-------
Melee: Unarmed           |    70 |   166 ||   236
       Kick              |    17 |    52 ||    69
       Peck              |     2 |    27 ||    29
       Punch             |     2 |     3 ||     5
  Use: Scroll            |       |     8 ||     8
       Potion            |       |     1 ||     1
 Stab: Sleeping          |     5 |    10 ||    15
  Eat: Chunk             |       |     8 ||     8
Armor: Robe              |    11 |    25 ||    36
Dodge: Dodged            |    43 |   116 ||   159
